Map: 2000 Atmospheres LE

Players

PAULJV

  • Race: Protoss Protoss
  • League: Gold

Throwfordays - Winner!

  • Race: Terran Terran
  • League: Silver

VOD

Have the link to the VOD?

Description

Time

  • Played on: Aug. 26, 2021, 11:26 p.m.
  • Length: 8:24
Show
View Real Time Build Order
Export as new Build Order

PAULJV Protoss 

Build Orders: 1 Gate Expand 

Get SALT Encoding   

  12  0:02  Probe  
  13  0:19  Pylon  
  13  0:21  Probe (Chrono Boost)  
  14  0:33  Probe (Chrono Boost)  
  15  0:42  Gateway  
  15  1:00  Probe (Chrono Boost)  
  16  1:05  Pylon  
  16  1:12  Probe (Chrono Boost)  
  17  1:20  Probe (Chrono Boost)  
  18  1:37  Nexus  
  18  1:41  Cybernetics Core  
  18  1:43  Probe  
  18  1:44  Assimilator  
  19  1:51  Assimilator  
  19  1:58  Gateway  
  19  2:19  Probe  
  20  2:24  Warp Gate (Chrono Boost)  
  20  2:30  Adept (Chrono Boost)  
  20  2:31  Probe  
  20  2:36  Shield Battery  
  23  2:40  Pylon  
  23  2:43  Probe  
  22  3:02  Adept (Chrono Boost), Probe  
  25  3:14  Probe  
  26  3:24  Pylon  
  26  3:26  Probe  
  27  3:33  Adept  
  29  3:36  Adept  
  29  3:38  Probe  
  33  3:41  Probe  
  33  3:50  Shield Battery, Probe  
  34  3:58  Gateway  
  34  4:15  Adept  
  36  4:17  Adept  
  34  4:37  Stalker  
  34  4:47  Probe  
  35  4:53  Stalker  
  37  5:06  Stalker  
  39  5:07  Stalker  
  39  5:33  Stalker  
  30  5:43  Pylon  
  30  5:45  Pylon  
  30  5:50  Pylon  
  30  5:52  Gateway  
  30  5:53  Gateway  
  30  5:58  Stalker  
  30  5:59  Stalker  
  30  6:03  Forge  
  34  6:05  Probe (Chrono Boost)  
  34  6:06  Shield Battery  
  35  6:12  Shield Battery  
  35  6:15  Probe (Chrono Boost)  
  36  6:20  Probe (Chrono Boost)  
  37  6:27  Stalker  
  37  6:28  Stalker  
  37  6:31  Probe  
  36  6:43  Probe  
  36  6:49  Stalker x2  
  36  6:51  Stalker  
  36  6:52  Stalker  
  43  6:55  Probe  
  40  7:13  Stalker x2  
  42  7:15  Stalker  
  42  7:17  Adept  
  42  7:22  Twilight Council  
  46  7:30  Stargate  
  40  7:46  Stalker x2  
  36  7:57  Adept  
  34  7:58  Stalker  
  35  8:14  Pylon  
Show
View Real Time Build Order
Export as new Build Order

Throwfordays Terran - Winner!

Build Orders:  

Get SALT Encoding   

  12  0:00  SCV  
  13  0:13  SCV  
  14  0:18  Supply Depot  
  14  0:25  SCV  
  15  0:40  SCV  
  15  0:41  Barracks  
  16  0:50  Refinery  
  16  0:52  SCV  
  16  0:55  Refinery  
  17  1:04  Supply Depot  
  17  1:07  SCV  
  18  1:19  SCV  
  19  1:31  Reaper, SCV  
  21  1:43  SCV, Barracks  
  22  1:55  SCV  
  23  2:04  Reaper  
  23  2:07  SCV  
  25  2:31  Barracks Reactor  
  25  2:34  Barracks  
  25  3:12  Reaper x3  
  26  3:22  Reaper  
  26  3:25  Barracks  
  27  3:34  Supply Depot  
  27  3:44  Reaper x2  
  29  3:51  Barracks Reactor  
  29  3:54  Barracks Reactor  
  29  4:16  Reaper x2  
  30  4:33  Reaper x2  
  30  4:34  Reaper x3  
  34  4:48  Reaper x2  
  34  5:50  Reaper x2  
  34  5:51  Reaper x3  
  34  5:56  Supply Depot  
  39  6:17  Reaper x2  
  41  6:20  Supply Depot  
  41  6:22  Reaper  
  41  6:23  Reaper, Command Center  
  41  6:24  SCV  
  44  6:36  SCV  
  45  6:44  Supply Depot  
  45  7:15  Reaper x2  
  45  7:16  Reaper x5  
  51  7:31  Refinery  
  51  7:36  Refinery  
  47  7:47  Reaper  
  47  7:48  Reaper x3  
Tags
 
Add a new tag
Caveats
  • Supply blocks, unpowered buildings, or Contaminate may cause inaccurate times.
  • Supply counts are checked every 10 seconds.